 Dungeon Crawl Stone Soup version 0.25-a0-544-gee0576305d (webtiles) character file.

Game seed: 276768493979875766, levelgen mode: classic

161443 EnegeticOcto the Champion of Chaos (level 16, -4/143 HPs)
             Began as a Deep Dwarf Fighter on Feb 20, 2020.
             Was the Champion of Makhleb.
             Slain by an acid blob (18 damage)
             ... on level 1 of the Pits of Slime.
             The game lasted 00:16:47 (12746 turns).

EnegeticOcto the Champion of Chaos (DDFi)          Turns: 12746, Time: 00:16:47

Health: -4/143     AC: 14    Str: 26      XL:     16   Next: 59%
Magic:  12/12 (8)  EV: 11    Int:  8 (9)  God:    Makhleb [******]
Gold:   1058       SH:  0    Dex: 14      Spells: 15/15 levels left

rFire    + + .     SeeInvis .   R - +4 battleaxe (elec)
rCold    . . .     Gourm    .   (shield currently unavailable)
rNeg     + + +     Faith    .   I - +1 crystal plate armour of the Blue Moon {rN+ Str+2 Int-3 Slay+3}
rPois    +         Spirit   .   z - +0 Maxwell's etheric cage {RegenMP+ *Contam rElec MP+4}
rElec    +         Reflect  .   E - +2 cloak {rPois}
rCorr    +         Harm     .   P - +1 pair of gloves {archery}
MR       +++++     Clarity  +   (no boots)
Stlth    ..........             H - amulet of the Four Winds {rN+ MR+++ Clar}
HPRegen  0.00/turn              p - ring of resist corrosion MPRegen 0.63/turn*
                                a - ring of Odeitac {*Drain +Fly rF+ MR+ Int+2, =R}

@: corroded, very slightly contaminated, non-regenerating
A: damage resistance, heal wounds, agile 1, deterioration 1, fire resistance 1,
frail 1, negative energy resistance 1, sense surroundings 2, weak 1, no
regeneration
}: 2/15 runes: serpentine, barnacled
a: Heal Wounds, Minor Destruction, Lesser Servant of Makhleb, Major Destruction,
Greater Servant of Makhleb, Renounce Religion, Evoke Flight


You were on level 1 of the Pits of Slime.
You worshipped Makhleb.
Makhleb was exalted by your worship.
You were not hungry.

You visited 6 branches of the dungeon, and saw 29 of its levels.
You also visited: Ossuary, Bailey and Gauntlet.

You collected 1382 gold pieces.
You spent 324 gold pieces at shops.

Inventory:

Hand Weapons
 R - a +4 battleaxe of electrocution (weapon)
Missiles
 V - a throwing net (quivered)
Armour
 z - the +0 Maxwell's etheric cage (worn) {RegenMP+ *Contam rElec MP+4}
   (You found it in a Gauntlet)

   It insulates you from electricity.
   It affects your magic capacity (+4).
   It causes magical contamination when unequipped.
   If you remove this armour, your AC will decrease by 2 (14 -> 12).
 E - a +2 cloak of poison resistance (worn)
 I - the +1 crystal plate armour of the Blue Moon (worn) {rN+ Str+2 Int-3 Slay+3}
   (You found it in a bailey)

   It affects your strength (+2).
   It affects your intelligence (-3).
   It affects your accuracy and damage with ranged weapons and melee attacks
   (+3).
   It protects you from negative energy.
   If you remove this armour, your AC will decrease by 22 (14 -> -8).
 P - a +1 pair of gloves of archery (worn)
Jewellery
 a - the ring of Odeitac (right hand) {*Drain +Fly rF+ MR+ Int+2, =R}
   (You found it in a Gauntlet)

   [ring of protection from magic]

   It affects your intelligence (+2).
   It protects you from fire.
   It affects your resistance to hostile enchantments.
   It lets you fly.
   It causes draining when unequipped.
 p - a ring of resist corrosion (left hand)
 w - an uncursed ring of flight
 G - an uncursed ring of poison resistance
 H - the amulet of the Four Winds (around neck) {rN+ MR+++ Clar}
   (You found it on level 12 of the Dungeon)

   [amulet of nothing]

   It protects you from negative energy.
   It affects your resistance to hostile enchantments.
   It protects you against confusion.
 N - a +3 ring of slaying
Wands
 c - a wand of acid (8) {@v1}
 l - a wand of scattershot (2)
 r - a wand of clouds (1)
 s - a wand of digging (27) {@v2}
 v - a wand of iceblast (22)
 x - a wand of disintegration (10)
 C - a wand of flame (59)
 L - a wand of polymorph (8)
Scrolls
 d - 7 scrolls of teleportation {@r2}
 i - 6 scrolls of remove curse {@r6}
 t - 3 scrolls of enchant armour
 y - a scroll of holy word
 F - 5 scrolls of magic mapping {@r5}
 K - 3 scrolls of fog
 M - a scroll of amnesia
 O - 3 scrolls of identify {@r1}
 T - a scroll of brand weapon
Potions
 f - 2 potions of invisibility
 g - 4 potions of magic
 h - a potion of mutation
 j - a potion of stabbing {@q5}
 k - 5 potions of might {@q3}
 m - 2 potions of resistance {@q6}
 n - 2 potions of haste {@q4}
 o - 5 potions of curing {@q1}
 q - 7 potions of lignification {@q7}
 u - 5 potions of brilliance
 A - a potion of cancellation
 B - 8 potions of heal wounds {@q2}
 D - a potion of ambrosia
 S - a potion of berserk rage
Miscellaneous
 b - a phantom mirror
 U - a lamp of fire
Comestibles
 e - 34 rations


   Skills:
 * Level 14.1 Fighting
 * Level 16.2 Axes
 + Level 12.2 Armour
 + Level 11.8 Dodging
   Level 8.4 Shields
 * Level 16.9 Invocations


You had 15 spell levels left.
You didn't know any spells.
Your spell library was empty.

Dungeon Overview and Level Annotations

Branches:
Dungeon (13/15)            Temple (1/1) D:7            Lair (6/6) D:8
 Shoals (4/4) Lair:2        Snake (4/4) Lair:2        Slime (1/5) Lair:6
    Orc (0/2) D:10        Ossuary (visited)          Bailey (visited)
Gauntlet (visited)
 Vaults: D:13-14

Altars:
Ashenzari
Elyvilon
Fedhas
Gozag
Hepliaklqana
Makhleb
Qazlal
Ru
Uskayaw
Vehumet
Wu Jian
Yredelemnul
Zin
The Shining One
Jiyva

Shops:
D:7 !   D:10 (   Snake:1 (


Innate Abilities, Weirdness & Mutations

You are resistant to damage.
You can heal yourself by infusing magical energy.
You resist negative energy. (rN+)
You passively map the area around you.
You do not regenerate.
You are agile. (Dex +2)
Your body sometimes deteriorates upon taking damage.
Your flesh is heat resistant. (rF+)
You are frail. (-10% HP)
You are weak. (Str -2)


Message History

Your hands burn!
The acid blob is almost dead.
You slash the azure jelly! The acid blob hits you!!
You are splashed with acid.
You resist. The azure jelly hits you. The azure jelly freezes you!!!
* * * LOW HITPOINT WARNING * * *
The azure jelly completely misses you.
The azure jelly hits you but does no damage.
The azure jelly hits you.
* * * LOW HITPOINT WARNING * * *
You are too injured to fight recklessly!
You are too injured to fight recklessly!
You are too injured to fight recklessly!
You are too injured to fight recklessly!
You are too injured to fight recklessly!
You are too injured to fight recklessly!
You are too injured to fight recklessly!
You are too injured to fight recklessly!
You are too injured to fight recklessly!
Your magical essence is drained by the effort!
You feel much better. The acid blob closely misses you.
The azure jelly barely misses you.
The azure jelly hits you but does no damage. x2
The azure jelly closely misses you.
Your magical essence is drained by the effort!
You feel much better. The acid blob spits acid at you.
The splash of acid hits you. You resist.
You are splashed with acid!
You resist. The azure jelly hits you. The azure jelly freezes you!!!
* * * LOW HITPOINT WARNING * * *
The azure jelly hits you but does no damage.
The azure jelly barely misses you.
The azure jelly hits you but does no damage.
You are too injured to fight recklessly!
You are too injured to fight recklessly!
You are too injured to fight recklessly!
You are too injured to fight recklessly!
You feel much better. The acid blob spits acid at you.
The splash of acid hits you. You resist. The acid corrodes you!
You are splashed with acid!
You resist.
The azure jelly hits you but does no damage. x2
The azure jelly barely misses you.
The azure jelly hits you but does no damage.
Your magical essence is drained by the effort!
You feel much better. The acid blob spits acid at you.
The splash of acid misses you. The azure jelly closely misses you.
The azure jelly hits you but does no damage.
The azure jelly barely misses you.
The azure jelly hits you but does no damage.
The acid blob hits you!!
* * * LOW HITPOINT WARNING * * *
You are splashed with acid.
You resist.
You are too injured to fight recklessly!
You are too injured to fight recklessly!
You are too injured to fight recklessly!
You are too injured to fight recklessly!
You are too injured to fight recklessly!
You are too injured to fight recklessly!
You are too injured to fight recklessly!
You are too injured to fight recklessly!
You feel much better. The azure jelly barely misses you.
The azure jelly hits you but does no damage.
The azure jelly barely misses you.
The azure jelly hits you but does no damage.
The acid blob spits acid at you. The splash of acid hits you. You resist.
You are splashed with acid.
You resist. The azure jelly completely misses you. The azure jelly hits you.
The azure jelly freezes you!!
* * * LOW HITPOINT WARNING * * *
The azure jelly hits you.
* * * LOW HITPOINT WARNING * * *
The azure jelly closely misses you.
You feel much better. The acid blob hits you!!
* * * LOW HITPOINT WARNING * * *
Your body deteriorates!
You feel dopey. The acid corrodes you!
You are splashed with acid.
You resist.
The azure jelly hits you but does no damage. x3
The azure jelly barely misses you. The acid blob spits acid at you.
The splash of acid hits you but does no damage.
You are splashed with acid!
You resist.
* * * LOW HITPOINT WARNING * * *
The azure jelly closely misses you.
The azure jelly hits you but does no damage.
The azure jelly barely misses you. The azure jelly hits you!
* * * LOW HITPOINT WARNING * * *
There is a staircase back to the Lair, spattered with blood here.
Okay, then.
The acid blob spits acid at you. The splash of acid hits you. You resist.
* * * LOW HITPOINT WARNING * * *
You are splashed with acid.
You resist.
* * * LOW HITPOINT WARNING * * *
Blink to where?
Press: ? - help, Dir - move target cursor You are very lightly contaminated with residual magic.
As you read the scroll of blinking {@r3}, it crumbles to dust.
The acid blob hits you!!
You die...

............... ,,
.........#......, ,
...#.#........... , ,
.................. *
...........>.......
...#................
*
,.........#.....#....
*
....................
,
........@J..........
*
.........J....>.....,
....................
.........>..........
,
............ยง.......
,
....................
,,
......##............
,
...#................
**#................,


You could see an acid blob and an azure jelly.

Vanquished Creatures
  4 acid blobs
  A tengu reaver (D:12)
  A storm dragon (D:13)
  3 nagarajas
  A stone giant (D:13)
  Azrael (D:13)
  Nessos (D:13)
  A minotaur (Gauntlet)
  2 merfolk javelineers
  A green death (Gauntlet)
  4 merfolk impalers
  Erolcha (D:10)
  2 centaur warriors (D:12)
  4 hydras
  7 naga warriors
  8 two-headed ogres
  2 alligator snapping turtles (Shoals:4)
  2 anacondas (Snake:4)
  3 merfolk avatars
  2 tengu warriors
  12 death yaks
  5 naga sharpshooters (Snake:4)
  2 salamander mystics (Snake:3)
  A deep elf knight (D:13)
  A wizard (D:12)
  5 sea snakes
  4 unseen horrors
  2 naga ritualists
  6 ugly things
  A shining eye (Slime:1)
  A wolf spider (D:12)
  2 mana vipers (Snake:1)
  12 salamanders
  6 manticores
  6 elephants (Lair:6)
  A merfolk siren (Shoals:4)
  4 cyclopes
  4 water nymphs
  Maurice (D:8)
  2 guardian serpents (Snake:3)
  6 naga magi
  19 black mambas
  An orange demon (Gauntlet)
  2 gargoyles
  4 komodo dragons
  4 spiny frogs
  4 rime drakes
  2 torpor snails
  Maggie (D:10)
  A freezing wraith (D:12)
  A kobold demonologist (D:12)
  A yaktaur (D:12)
  3 tengu conjurers (D:13)
  19 merfolk
  2 polar bears
  3 wind drakes (Shoals:4)
  2 trolls
  Grinder (D:4)
  14 slime creatures
  8 hippogriffs
  A snapping turtle (Shoals:4)
  2 vampires
  Sigmund (D:4)
  2 wraiths
  4 shadows
  3 water elementals (Shoals:4)
  2 fire elementals (D:13)
  Grum (D:10)
  25 yaks
  A basilisk (Lair:6)
  2 vampire mosquitoes (D:12)
  39 nagas
  Edmund (D:4)
  9 water moccasins
  4 hell hounds (D:13)
  2 soldier ants (D:12)
  Duvessa (D:5)
  3 porcupines
  6 sky beasts
  4 orc warriors
  5 ice beasts
  4 black bears
  An eye of draining (Slime:1)
  A phantom (D:5)
  5 centaurs
  9 ogres
  3 wolves (D:10)
  3 necrophages
  7 crocodiles
  7 big kobolds
  17 bullfrogs
  Dowan (D:5)
  2 wyvern skeletons
  7 scorpions
  10 killer bees
  19 wights
  4 howler monkeys
  7 crimson imps
  A jelly (D:11)
  7 centaur zombies
  4 human zombies (Ossuary)
  3 bullfrog zombies (D:12)
  7 orc wizards
  5 orc priests
  9 hounds
  3 bullfrog skeletons
  3 centaur skeletons
  Ijyb (D:4)
  17 worker ants
  9 iguanas
  4 hell rats (Lair:5)
  Terence (D:2)
  5 big kobold zombies (Ossuary)
  A hound skeleton (D:5)
  2 mummies (Ossuary)
  Robin (D:2)
  14 adders
  A gnoll (D:1)
  6 shadow imps
  3 adder zombies
  A dart slug (D:1)
  5 leopard geckos
  48 orcs
  7 giant cockroaches
  14 goblins
  11 hobgoblins
  6 jackals
  4 quokkas
  2 ball pythons
  A ball python skeleton (D:4)
  3 bats
  4 frilled lizards
  8 hobgoblin zombies (Ossuary)
  41 kobolds
  6 kobold zombies (Ossuary)
  10 orc zombies (Ossuary)
  2 quokka skeletons
  2 rats (D:1)
  A rat zombie (Ossuary)
  9 plants
744 creatures vanquished.

Vanquished Creatures (collateral kills)
  2 nagarajas (Snake:4)
  A frost giant (Shoals:4)
  2 merfolk impalers (Shoals:4)
  2 naga warriors (Snake:4)
  4 merfolk aquamancers (Shoals:4)
  A hydra (D:11)
  A shock serpent (Snake:4)
  A naga sharpshooter (Snake:4)
  A deep elf mage (D:13)
  A manticore (Shoals:4)
  A cyclops (Shoals:4)
  A mana viper (Snake:4)
  An ugly thing (D:11)
  A slime creature (Slime:1)
  A guardian serpent (Snake:4)
  A merfolk siren (Shoals:2)
  5 naga magi (Snake:4)
  A wind drake (Shoals:2)
  8 nagas (Snake:4)
  An adder (D:11)
37 creatures vanquished.

Vanquished Creatures (others)
  An unseen horror (D:12)
  3 orcs (D:8)
  A demonic plant (Gauntlet)
  2 fungi
  4 plants
11 creatures vanquished.

Grand Total: 792 creatures vanquished

Notes
Turn   | Place    | Note
-------+----------+-------------------------------------------
     0 | D:1      | EnegeticOcto the Deep Dwarf Fighter began the quest for the
                  | Orb.
     0 | D:1      | Reached XP level 1. HP: 20/20 MP: 1/1
    89 | D:1      | Reached XP level 2. HP: 27/27 MP: 2/2
   171 | D:1      | Reached XP level 3. HP: 19/34 MP: 3/3
   242 | D:2      | Noticed Robin
   249 | D:2      | Reached skill level 1 in Dodging
   278 | D:2      | Killed Robin
   335 | D:2      | Reached XP level 4. HP: 42/42 MP: 4/4
   351 | D:2      | Noticed Terence
   361 | D:2      | Killed Terence
   462 | D:4      | Noticed Grinder
   477 | D:4      | Paralysed by Grinder for 3 turns
   483 | D:4      | Paralysed by Grinder for 5 turns
   489 | D:4      | Killed Grinder
   489 | D:4      | Reached XP level 5. HP: 50/50 MP: 5/5
   489 | D:4      | Reached XP level 6. HP: 57/57 MP: 6/6
   525 | D:4      | Noticed Ijyb
   557 | D:4      | Killed Ijyb
   661 | D:4      | Reached XP level 7. HP: 62/66 MP: 7/7
   770 | D:4      | Reached skill level 5 in Axes
   877 | D:4      | Noticed Edmund
   903 | D:4      | Killed Edmund
   903 | D:4      | Reached skill level 5 in Fighting
   965 | D:4      | Noticed Sigmund
   990 | D:4      | Killed Sigmund
   990 | D:4      | Reached skill level 5 in Shields
   990 | D:4      | Reached XP level 8. HP: 36/74 MP: 8/8
  1034 | D:5      | Entered Level 5 of the Dungeon
  1034 | D:5      | Noticed Duvessa
  1047 | D:5      | Reached skill level 5 in Armour
  1056 | D:5      | Found a sand-covered staircase.
  1062 | Ossuary  | Entered an ossuary
  1341 | D:5      | Gained mutation: You possess an exceptional clarity of
                  | mind. [potion of mutation]
  1341 | D:5      | Gained mutation: You have a pair of small antennae on your
                  | head. [potion of mutation]
  1341 | D:5      | Gained mutation: You are somewhat resistant to further
                  | mutation. [potion of mutation]
  1554 | D:5      | Noticed Dowan
  1572 | D:5      | Killed Dowan
  1585 | D:5      | Killed Duvessa
  1585 | D:5      | Gained mutation: You passively map the area around you.
                  | [Deep Dwarf growth]
  1585 | D:5      | Reached XP level 9. HP: 67/85 MP: 7/7
  2217 | D:6      | Noticed an angel
  2218 | D:6      | Found a glowing silver altar of Zin.
  2353 | D:6      | Reached skill level 5 in Dodging
  2404 | D:7      | Found a staircase to the Ecumenical Temple.
  2427 | Temple   | Entered the Ecumenical Temple
  2456 | Temple   | Became a worshipper of Makhleb the Destroyer
  2557 | D:7      | Reached skill level 1 in Invocations
  2678 | D:7      | Found a hide-covered altar of Uskayaw.
  2754 | D:7      | Found Seaseuk's Distillery.
  2790 | D:7      | Bought a potion of resistance for 120 gold pieces
  2790 | D:7      | Bought a potion of cancellation for 96 gold pieces
  2790 | D:7      | Bought a potion of heal wounds for 60 gold pieces
  2790 | D:7      | Bought a potion of might for 48 gold pieces
  2849 | D:7      | Found a radiant altar of Vehumet.
  2849 | D:7      | Found a glowing golden altar of the Shining One.
  3004 | D:8      | Found a staircase to the Lair.
  3048 | D:8      | Found a burning altar of Makhleb.
  3153 | D:8      | Reached XP level 10. HP: 57/94 MP: 9/9
  3553 | D:8      | Reached * piety under Makhleb
  3752 | D:8      | Noticed Maurice
  4142 | D:8      | Killed Maurice
  4186 | D:9      | Reached skill level 5 in Invocations
  4267 | D:9      | Reached ** piety under Makhleb
  4301 | D:9      | Found a flagged portal.
  4319 | Bailey   | Entered a bailey
  4490 | Bailey   | Got an amber-encrusted crystal plate armour
  4501 | Bailey   | Identified the +1 crystal plate armour of the Blue Moon
                  | {rN+ Str+2 Int-3 Slay+3} (You found it in a bailey)
  5096 | D:10     | Entered Level 10 of the Dungeon
  5159 | D:10     | Noticed Grum
  5162 | D:10     | Noticed Erolcha
  5166 | D:10     | Noticed Maggie
  5177 | D:10     | Killed Maggie
  5183 | D:10     | Killed Grum
  5212 | D:10     | Killed Erolcha
  5212 | D:10     | Reached XP level 11. HP: 48/104 MP: 10/10
  5495 | D:10     | Found Uxoaw's Weapon Boutique.
  5497 | D:10     | Found a staircase to the Orcish Mines.
  5505 | D:10     | Reached skill level 10 in Axes
  5510 | D:10     | Reached *** piety under Makhleb
  5773 | D:11     | Noticed a four-headed hydra
  5779 | D:11     | Killed a four-headed hydra
  5790 | D:11     | Noticed a green ugly thing
  5799 | D:11     | Killed a green ugly thing
  5947 | D:11     | Found a gate leading to a gauntlet.
  5973 | Gauntlet | Entered a Gauntlet
  5973 | Gauntlet | Found a transporter.
  5982 | Gauntlet | Found a transporter.
  5984 | Gauntlet | Noticed a hell beast
  5998 | Gauntlet | Found a transporter.
  6002 | Gauntlet | Found a transporter.
  6020 | Gauntlet | Found a transporter.
  6020 | Gauntlet | Noticed a catoblepas
  6033 | Gauntlet | Found a transporter.
  6036 | Gauntlet | Noticed a glowing orange brain
  6038 | Gauntlet | Found a transporter.
  6042 | Gauntlet | Found a transporter.
  6043 | Gauntlet | Noticed an orange crystal statue
  6046 | Gauntlet | Noticed a glowing orange brain
  6053 | Gauntlet | Noticed a green ugly thing
  6053 | Gauntlet | Noticed a cyan ugly thing
  6061 | Gauntlet | Found a large runed translucent door.
  6061 | Gauntlet | Found a large runed translucent door.
  6062 | Gauntlet | Found a large runed translucent door.
  6063 | Gauntlet | Found a large runed translucent door.
  6064 | Gauntlet | Found a runed translucent gate.
  6065 | Gauntlet | Found the +0 Maxwell's etheric cage {RegenMP+ *Contam rElec
                  | MP+4}
  6065 | Gauntlet | Found a transporter.
  6065 | Gauntlet | Found a runed translucent gate.
  6066 | Gauntlet | Found a runed translucent gate.
  6066 | Gauntlet | Noticed a four-headed hydra
  6068 | Gauntlet | Found a large runed translucent door.
  6069 | Gauntlet | Found a large runed translucent door.
  6079 | Gauntlet | Found a large runed translucent door.
  6080 | Gauntlet | Found a large runed translucent door.
  6081 | Gauntlet | Found a large runed translucent door.
  6081 | Gauntlet | Found a large runed translucent door.
  6081 | Gauntlet | Found a runed translucent door.
  6081 | Gauntlet | Found a runed translucent door.
  6082 | Gauntlet | Found a large runed translucent door.
  6083 | Gauntlet | Found a large runed translucent door.
  6085 | Gauntlet | Found a transporter.
  6089 | Gauntlet | Found a transporter.
  6092 | Gauntlet | Found a large runed translucent door.
  6092 | Gauntlet | Found a large runed translucent door.
  6092 | Gauntlet | Found a large runed translucent door.
  6092 | Gauntlet | Noticed a green death
  6097 | Gauntlet | Found a transporter.
  6121 | Gauntlet | Found a large runed translucent door.
  6158 | Gauntlet | Killed a green death
  6173 | Gauntlet | Got a serpentine lead ring
  6177 | Gauntlet | Identified the ring of Odeitac {*Drain +Fly rF+ MR+ Int+2}
                  | (You found it in a Gauntlet)
  6196 | Gauntlet | Killed a four-headed hydra
  6210 | Gauntlet | Lost mutation: You are somewhat resistant to further
                  | mutation. [potion of mutation]
  6210 | Gauntlet | Lost mutation: You possess an exceptional clarity of mind.
                  | [potion of mutation]
  6210 | Gauntlet | Gained mutation: You are frail. (-10% HP) [potion of
                  | mutation]
  6210 | Gauntlet | Gained mutation: You are very frail. (-20% HP) [potion of
                  | mutation]
  6210 | Gauntlet | Lost mutation: You have a pair of small antennae on your
                  | head. [potion of mutation]
  6210 | Gauntlet | Gained mutation: You have a pair of small horns on your
                  | head. [potion of mutation]
  6211 | Gauntlet | Lost mutation: You are very frail. (-20% HP) [potion of
                  | mutation]
  6211 | Gauntlet | Lost mutation: You are frail. (-10% HP) [potion of
                  | mutation]
  6211 | Gauntlet | Lost mutation: You have a pair of small horns on your head.
                  | [potion of mutation]
  6211 | Gauntlet | Gained mutation: You are agile. (Dex +2) [potion of
                  | mutation]
  6211 | Gauntlet | Gained mutation: Your flesh is heat resistant. (rF+)
                  | [potion of mutation]
  6231 | Gauntlet | Identified the cursed +0 hand axe "Bung" {vorpal, rF- rC+
                  | rN+++ Str+4}
  6231 | Gauntlet | Noticed a minotaur
  6254 | Gauntlet | Killed a minotaur
  6343 | D:11     | Noticed a green ugly thing
  6357 | D:11     | Killed a green ugly thing
  6546 | D:11     | Noticed a two-headed ogre
  6554 | D:11     | Killed a two-headed ogre
  6587 | D:11     | Reached XP level 12. HP: 115/115 MP: 11/11
  7081 | D:12     | Found an opulent altar of Gozag.
  7095 | D:12     | Noticed a two-headed ogre
  7098 | D:12     | Reached **** piety under Makhleb
  7098 | D:12     | Noticed a two-headed ogre
  7099 | D:12     | Noticed a tengu reaver
  7111 | D:12     | Killed a two-headed ogre
  7114 | D:12     | Killed a two-headed ogre
  7114 | D:12     | Reached skill level 10 in Fighting
  7122 | D:12     | Reached skill level 10 in Invocations
  7128 | D:12     | Noticed a centaur warrior
  7137 | D:12     | Killed a tengu reaver
  7142 | D:12     | Killed a centaur warrior
  7165 | D:12     | Identified the +10 arbalest "Ocaf" {penet, Dex+2}
  7165 | D:12     | Noticed a tengu warrior
  7165 | D:12     | Noticed a two-headed ogre
  7165 | D:12     | Noticed a two-headed ogre
  7168 | D:12     | Noticed a two-headed ogre
  7240 | D:12     | Noticed a two-headed ogre
  7241 | D:12     | Found the amulet of the Four Winds {rN+ MR+++ Clar}
  7245 | D:12     | Killed a two-headed ogre
  7252 | D:12     | Reached ***** piety under Makhleb
  7265 | D:12     | Identified the Catalogue of Freezing Necromancy
  7269 | D:12     | Noticed a two-headed ogre
  7271 | D:12     | Noticed a centaur warrior
  7276 | D:12     | Killed a two-headed ogre
  7276 | D:12     | Reached XP level 13. HP: 113/124 MP: 13/13
  8160 | D:13     | Noticed a storm dragon
  8160 | D:13     | Noticed a stone giant
  8178 | D:13     | Killed a storm dragon
  8181 | D:13     | Killed a stone giant
  8237 | D:13     | Reached skill level 10 in Armour
  8551 | D:13     | Noticed Azrael
  8564 | D:13     | Killed Azrael
  8664 | D:13     | Noticed Nessos
  8683 | D:13     | Killed Nessos
  8683 | D:13     | Gained mutation: You resist negative energy. (rN+) [Deep
                  | Dwarf growth]
  8683 | D:13     | Reached XP level 14. HP: 57/136 MP: 13/13
  8886 | Lair:1   | Entered Level 1 of the Lair of Beasts
  9088 | Lair:2   | Identified the cursed +1 war axe "Conservator" {holy, rC+
                  | MR+ Int+5} (You found it on level 2 of the Lair of Beasts)
  9099 | Lair:2   | Found a staircase to the Snake Pit.
  9146 | Lair:2   | Found a staircase to the Shoals.
  9597 | Lair:5   | Reached ****** piety under Makhleb
  9607 | Lair:5   | Reached skill level 10 in Dodging
 10168 | Lair:6   | Entered Level 6 of the Lair of Beasts
 10554 | Lair:6   | Found a runed translucent door.
 10579 | Lair:6   | Found a viscous altar of Jiyva.
 10579 | Lair:6   | Found a staircase to the Slime Pits.
 10579 | Lair:6   | Noticed an acid blob
 10579 | Lair:6   | Noticed an acid blob
 10694 | Snake:1  | Entered Level 1 of the Snake Pit
 10782 | Snake:1  | Found Xaff's Antique Weapon Shop.
 10910 | Snake:1  | Reached XP level 15. HP: 146/146 MP: 9/14
 11166 | Snake:3  | Reached skill level 15 in Invocations
 11271 | Snake:3  | Noticed a nagaraja
 11281 | Snake:3  | Killed a nagaraja
 11321 | Snake:4  | Entered Level 4 of the Snake Pit
 11329 | Snake:4  | Reached skill level 15 in Axes
 11387 | Snake:4  | Noticed a nagaraja
 11396 | Snake:4  | Killed a nagaraja
 11397 | Snake:4  | Noticed a nagaraja
 11401 | Snake:4  | Noticed a nagaraja
 11405 | Snake:4  | Killed a nagaraja
 11408 | Snake:4  | Killed a nagaraja
 11455 | Snake:4  | Noticed a nagaraja
 11463 | Snake:4  | Killed a nagaraja
 11511 | Snake:4  | Got a serpentine rune of Zot
 11701 | Shoals:1 | Entered Level 1 of the Shoals
 11750 | Shoals:2 | Found a frozen archway.
 11865 | Shoals:3 | Reached XP level 16. HP: 136/157 MP: 16/16
 12010 | Shoals:4 | Entered Level 4 of the Shoals
 12459 | Shoals:4 | Got a barnacled rune of Zot
 12666 | Lair:6   | Killed an acid blob
 12674 | Lair:6   | Killed an acid blob
 12697 | Slime:1  | Entered Level 1 of the Pits of Slime
 12699 | Slime:1  | Gained mutation: You are weak. (Str -2) [a shining eye]
 12700 | Slime:1  | Noticed an acid blob
 12700 | Slime:1  | Gained mutation: You are frail. (-10% HP) [a shining eye]
 12701 | Slime:1  | Noticed an acid blob
 12702 | Slime:1  | Gained mutation: Your body sometimes deteriorates upon
                  | taking damage. [a shining eye]
 12714 | Slime:1  | Killed an acid blob
 12715 | Slime:1  | Killed an acid blob
 12715 | Slime:1  | Noticed an acid blob
 12746 | Slime:1  | Slain by an acid blob

Levels and vault maps discovered:
D:1:      eino_arrival_cavern_b, layout_basic, grunt_decor_one_mirror,
          patterned_corridor
D:2:      cheibrodos_old_hovel, layout_loops_ring, uniq_terence,
          uniq_crazy_yiuf_cottage, uniq_robin
D:3:      kennysheep_six_static_rooms, layout_basic, first_ration
D:4:      corexii_shack_village, layout_rooms, uniq_edmund, uniq_sigmund,
          uniq_ijyb, uniq_grinder
D:5:      layout_basic, nicolae_ossuary_entry_plus, uniq_duvessa
D:6:      layout_basic, zin_angel, minmay_liquid_box
D:7:      layout_rooms, eat_drink_and_be_merry_uskayaw,
          gammafunk_temple_overflow_statue, minmay_temple_entry_sparse_star,
          kennysheep_small_square
D:8:      layout_loops_corners, dpeg_oklobed_lair, serial_glass,
          glass_columns_a, glass_columns_a, glass_columns_a, glass_columns_a,
          glass_columns_c, blue_anna_alchemist [blue_anna_fruit_fields,
          blue_anna_fruit_fields], makhleb_heckhound_becter, uniq_maurice
D:9:      layout_layer_cave, enter_bailey_3, item_on_display_a
D:10:     layout_loops_cross, orc_david_3, uniq_erolcha, uniq_maggie, uniq_grum
D:11:     minmay_razor_zed, layout_irregular_city, gauntlet_entry_generic
D:12:     minmay_the_grid_square_5x5_5x5_mashed
          [minmay_the_grid_square_5x5_intrusive_squares,
          minmay_the_grid_square_5x5_two_walls_a,
          minmay_the_grid_square_5x5_eight_small,
          minmay_the_grid_square_5x5_shrine1,
          minmay_the_grid_square_5x5_bracketed, minmay_the_grid_square_5x5_n,
          minmay_the_grid_square_5x5_prize_pseudospiral,
          minmay_the_grid_square_5x5_bridge,
          minmay_the_grid_square_5x5_prize_open,
          minmay_the_grid_square_5x5_tri_point,
          minmay_the_grid_square_5x5_sharp_hourglass,
          minmay_the_grid_square_5x5_slash,
          minmay_the_grid_square_5x5_prize_monsterx,
          minmay_the_grid_square_5x5_trominoes,
          minmay_the_grid_square_5x5_spiral_small,
          minmay_the_grid_square_5x5_minibox,
          minmay_the_grid_square_5x5_prize_snowflake,
          minmay_the_grid_square_5x5_tie,
          minmay_the_grid_square_5x5_prize_deathbox,
          minmay_the_grid_square_5x5_checkered,
          minmay_the_grid_square_5x5_misaligned,
          minmay_the_grid_square_5x5_three,
          minmay_the_grid_square_5x5_beaten_path,
          minmay_the_grid_square_5x5_inset,
          minmay_the_grid_square_5x5_checkered_statues], layout_long_grid
D:13:     evilmike_horseshoe, layout_irregular_city, uniq_azrael, uniq_nessos
Temple:   compressed_dpeg_circular_temple
Lair:1:   layout_regular_city, beast_lair_carwin_9, uniq_urug
Lair:2:   layout_misc_corridors, elwin_shoals_entry_rocks,
          guppyfry_snake_entry_island, ebering_ghost_xom, lemuel_fruit_fields
Lair:3:   layout_hall_layers, serial_bayou_shore_b
Lair:4:   layout_long_grid, lightli_volcano_entry_magma_tube,
          infiniplex_staircase_pool_2
Lair:5:   layout_loops_ring, serial_bayou_pond_d
Lair:6:   due_jungle_book, layout_small_grid, slime_altar_2, grunt_megastairs_3
Shoals:1: layout_shoals
Shoals:2: layout_shoals, portal_ice_cave_entry_pillars_four,
          hangedman_shoals_cup_caves
Shoals:3: layout_shoals
Shoals:4: shoals_end_grunt_ice, layout_shoals, shoals_ilsuiw_ice
Snake:1:  layout_cave_shapes, serial_shops, shop, st_stairs_4,
          grunt_megastairs_2
Snake:2:  layout_onion, gammafunk_ghost_arena, serial_shops,
          nicolae_shop_crystal, st_stairs_5, uniq_vashnia
Snake:3:  cheibrodos_snake_lava_hold, layout_misc_corridors
Snake:4:  minmay_snake_end_coiled, layout_grid_shapes, gammafunk_ghost_grave,
          guppyfry_library_mini
Slime:1:  layout_caves

Skill      XL: |  1  2  3  4  5  6  7  8  9 10 11 12 13 14 15 16 |
---------------+-------------------------------------------------+-----
Fighting       | 3 4 5 6 7 8 9 10 11 12 13 14 | 14.1
Dodging        | 1 2 3 4 5 6 7 8 9 10 11 | 11.8
Axes           | 3 4 5 7 8 9 11 12 13 14 15 16 | 16.2
Armour         | 4 5 6 7 8 9 10 11 12 | 12.2
Shields        | 4 5 6 7 8 |  8.4
Invocations    | 3 6 8 11 12 14 16 | 16.9

Action                   |  1- 3 |  4- 6 |  7- 9 | 10-12 | 13-15 | 16-18 || total
-------------------------+-------+-------+-------+-------+-------+-------++-------
Melee: War axe           |   122 |   127 |   430 |   547 |       |       ||  1226
       Battleaxe         |       |       |       |   118 |   792 |   238 ||  1148
Invok: Lesser Servant of |       |       |       |     9 |     3 |     4 ||    16
       Greater Servant o |       |       |       |       |     4 |     3 ||     7
 Abil: Heal Wounds       |     2 |     4 |    12 |    25 |     8 |    19 ||    70
Evoke: Wand              |       |       |       |    12 |     3 |     3 ||    18
  Use: Scroll            |       |       |    16 |    15 |     8 |     2 ||    41
       Potion            |       |       |     1 |     3 |     1 |     1 ||     6
 Stab: Distracted        |       |       |       |     2 |     5 |     3 ||    10
       Confused          |       |       |       |     1 |       |       ||     1
  Eat: Chunk             |       |       |     9 |    11 |    12 |     1 ||    33
       Ration            |       |       |       |     1 |     2 |       ||     3
Armor: Scale mail        |    63 |    57 |    22 |       |       |       ||   142
       Chain mail        |       |       |   221 |   115 |       |       ||   336
       Crystal plate arm |       |       |       |   370 |   961 |   247 ||  1578
Dodge: Dodged            |    53 |    57 |   176 |   232 |   576 |   155 ||  1249
Block: Kite shield       |    90 |    80 |   277 |   407 |       |       ||   854

Table legend:
 A = Non-vault XP
 B = Vault XP
 C = Vault XP percentage of total XP
 D = Non-vault monster count
 E = Vault monster count
 F = Vault count percentage of total count
                 A         B        C        D         E       F
            +---------+---------+-------+---------+---------+-------
      Total |  108009 |   82624 |  43.3 |     515 |     258 |  33.4
            +---------+---------+-------+---------+---------+-------
        D:1 |      45 |       0 |   0.0 |      18 |       0 |   0.0
        D:2 |      38 |      66 |  63.5 |      15 |      12 |  44.4
        D:3 |       3 |       0 |   0.0 |       1 |       0 |   0.0
        D:4 |     604 |     697 |  53.6 |      24 |       8 |  25.0
        D:5 |     816 |     222 |  21.4 |      31 |       2 |   6.1
        D:6 |     853 |       0 |   0.0 |      17 |       0 |   0.0
        D:7 |    1024 |     279 |  21.4 |      14 |       3 |  17.6
        D:8 |    1396 |     609 |  30.4 |      31 |       3 |   8.8
        D:9 |    2377 |       7 |   0.3 |      33 |       4 |  10.8
       D:10 |    1622 |    2096 |  56.4 |      27 |      12 |  30.8
       D:11 |    4844 |    1766 |  26.7 |      37 |      10 |  21.3
       D:12 |    5770 |   19814 |  77.4 |      31 |      58 |  65.2
       D:13 |    5421 |   10330 |  65.6 |      43 |      19 |  30.6
     Lair:1 |    1270 |       0 |   0.0 |       6 |       0 |   0.0
     Lair:2 |    1571 |     166 |   9.6 |       4 |       1 |  20.0
     Lair:3 |     229 |       0 |   0.0 |       2 |       0 |   0.0
     Lair:4 |     389 |       0 |   0.0 |       1 |       0 |   0.0
     Lair:5 |   10792 |       0 |   0.0 |      29 |       0 |   0.0
     Lair:6 |   15793 |    5440 |  25.6 |      41 |       4 |   8.9
   Shoals:1 |    1685 |       0 |   0.0 |       3 |       0 |   0.0
   Shoals:2 |    2651 |       0 |   0.0 |       6 |       0 |   0.0
   Shoals:3 |    6160 |       0 |   0.0 |      11 |       0 |   0.0
   Shoals:4 |    8961 |   12413 |  58.1 |      20 |      23 |  53.5
    Snake:1 |    4733 |    2651 |  35.9 |      14 |       5 |  26.3
    Snake:2 |    1141 |       0 |   0.0 |       3 |       0 |   0.0
    Snake:3 |   13494 |    6263 |  31.7 |      27 |      11 |  28.9
    Snake:4 |    6761 |   15616 |  69.8 |      16 |      39 |  70.9
    Slime:1 |    7566 |       0 |   0.0 |      10 |       0 |   0.0
    Ossuary |       0 |     463 | 100.0 |       0 |      38 | 100.0
     Bailey |       0 |     125 | 100.0 |       0 |       1 | 100.0
   Gauntlet |       0 |    3601 | 100.0 |       0 |       5 | 100.0
            +---------+---------+-------+---------+---------+-------
